 Dungeon Crawl Stone Soup version 0.23.0 (webtiles) character file.

Game seed: 17463815279014954791

277 Gazerockf the Chiller (level 6, 0/27 HPs)
             Began as a Vine Stalker Ice Elementalist on Feb 17, 2019.
             Was an Initiate of Hepliaklqana.
             Succumbed to a scorpion's poison
             ... on level 4 of the Dungeon.
             The game lasted 00:14:28 (2444 turns).

Gazerockf the Chiller (VSIE)                        Turns: 2444, Time: 00:14:29

Health: 0/27       AC:  8    Str: 11    XL:     6   Next: 26%
Magic:  6/11       EV:  5    Int: 15    God:    Hepliaklqana [......]
Gold:   205        SH:  0    Dex: 16    Spells: 10/11 levels left

rFire    . . .     SeeInvis .   k - +2 short sword (freeze)
rCold    . . .     Gourm    .   (no shield)
rNeg     . . .     Faith    .   p - +0 chain mail (curse)
rPois    .         Spirit   +   (no helmet)
rElec    .         Reflect  .   (no cloak)
rCorr    .         Harm     .   (no gloves)
MR       .....                  (no boots)
Stlth    ..........             (no amulet)
HPRegen  0.49/turn              (no ring)
MPRegen  0.12/turn              (no ring)

@: lethally poisoned (0 -> -4)
A: reduced essence, fangs 2, regeneration 1, magic shield, antimagic bite, no
potion heal 3, rot immunity
a: Recall Ancestor, Ancestor Identity, Renounce Religion


You were on level 4 of the Dungeon.
You worshipped Hepliaklqana.
Hepliaklqana was noncommittal.
You were hungry.

You visited 1 branch of the dungeon, and saw 4 of its levels.

You collected 205 gold pieces.

Inventory:

Hand Weapons
 f - a +0 dagger
 k - a +2 short sword of freezing (weapon)
 n - a +0 blowgun
Armour
 a - a +1 robe
 l - a +0 chain mail
 p - a cursed +0 chain mail (worn)
Scrolls
 d - 2 scrolls of immolation
 e - 4 scrolls of teleportation
 j - 4 scrolls of identify
 q - a scroll of blinking {unknown}
Potions
 g - 2 potions of flight {unknown}
 h - 2 potions of curing {unknown}
 i - a potion of mutation {unknown}
 m - a potion of heal wounds {unknown}
 o - a potion of haste {unknown}
 r - a potion of brilliance {unknown}
Comestibles
 c - 6 rations


   Skills:
 - Level 2.0 Fighting
 - Level 3.0 Short Blades
 - Level 1.5 Dodging
 - Level 3.7 Stealth
 + Level 3.2 Spellcasting
   Level 1.0 Conjurations
 + Level 3.9 Ice Magic


You had 10 spell levels left.
You knew the following spells:

 Your Spells              Type           Power        Failure   Level  Hunger
a - Freeze                Ice            ##..         94%         1    #......

Your spell library contained the following spells:

 Spells                   Type           Power        Failure   Level  Hunger
 Throw Frost              Conj/Ice       #.....       100%        2    ##.....
 Ozocubu's Armour         Chrm/Ice       #.......     100%        3    ###....
 Summon Ice Beast         Ice/Summ       #.......     100%        4    #####..
 Throw Icicle             Conj/Ice       #.......     100%        4    #####..


Dungeon Overview and Level Annotations

Branches:
Dungeon (4/15)
 Temple: D:4-7

Altars:
Cheibriados
Fedhas
Hepliaklqana
Nemelex Xobeh
Xom


Innate Abilities, Weirdness & Mutations

You have extremely sharp teeth.
Your natural rate of healing is unusually fast.
When hurt, damage is shared between your health and your magic reserves.
Your bite disrupts and absorbs the magic of your enemies.
Potions cannot restore your health.
You are immune to rotting.
Your life essence is reduced to manifest your ancestor. (-10% HP)


Message History

You feel sick. The scorpion barely misses you.
You hit the scorpion but do no damage.
The scorpion is moderately wounded.
* * * LOW HITPOINT WARNING * * *
You feel sick. The scorpion stings you.
* * * LOW HITPOINT WARNING * * *
* * * LOW HITPOINT WARNING * * *
You feel sick.
* * * LOW HITPOINT WARNING * * *
You feel sick.
* * * LOW HITPOINT WARNING * * *
You feel sick.
* * * LOW HITPOINT WARNING * * *
You feel sick.
* * * LOW HITPOINT WARNING * * *
You feel sick.
* * * LOW HITPOINT WARNING * * *
You feel sick.
There is an open door here.
You die...

############.# ####.#
.............# #....#
############.# #.##.# #.#
#.##(# #.# ####### #.##.#
#.###.....######.##.#
#.†.......'......##.#
...##########.....#########.##
.)......gh.s'@....'........>..
####.#S#####.....###########.
#.# #........# #. #h#
#........# #. #g# #......[.#
#. #)# #........# ### #S#
########## ##^. #g# #... .g.
#...


You could see a scorpion, a hound, a gnoll and an adder.

Vanquished Creatures
  A hound (D:2)
  An orc wizard (D:3)
  Terence (D:2)
  2 worker ants (D:4)
  2 gnolls (D:4)
  An adder (D:3)
  2 worms (D:3)
  3 dart slugs
  A leopard gecko (D:1)
  4 orcs (D:3)
  12 giant cockroaches
  9 goblins
  6 hobgoblins
  8 jackals
  2 quokkas
  A ball python (D:2)
  11 bats
  3 frilled lizards
  5 kobolds
  4 rats
79 creatures vanquished.

Vanquished Creatures (collateral kills)
  A gnoll (D:4)
  An adder (D:3)
2 creatures vanquished.

Vanquished Creatures (others)
  2 ancestors
2 creatures vanquished.

Grand Total: 83 creatures vanquished

Notes
Turn   | Place    | Note
-------+----------+-------------------------------------------
     0 | D:1      | Gazerockf the Vine Stalker Ice Elementalist began the quest
                  | for the Orb.
     0 | D:1      | Reached XP level 1. HP: 9/9 MP: 4/4
    54 | D:1      | Reached skill level 1 in Fighting
   222 | D:1      | Reached XP level 2. HP: 14/14 MP: 1/6
   603 | D:1      | Reached XP level 3. HP: 18/18 MP: 7/7
   879 | D:2      | Reached skill level 1 in Short Blades
   985 | D:2      | Found a shimmering altar of Xom.
  1045 | D:2      | Gained mutation: Your natural rate of healing is unusually
                  | fast. [Vine Stalker growth]
  1045 | D:2      | Reached XP level 4. HP: 19/23 MP: 5/8
  1057 | D:2      | Found a sparkling altar of Nemelex Xobeh.
  1121 | D:2      | Found a snail-covered altar of Cheibriados.
  1551 | D:2      | Noticed Terence
  1557 | D:2      | Killed Terence
  1687 | D:3      | Found a blossoming altar of Fedhas.
  1739 | D:3      | Reached XP level 5. HP: 22/26 MP: 9/9
  1795 | D:3      | Found a hazy altar of Hepliaklqana.
  1826 | D:3      | Became a worshipper of Hepliaklqana the Forgotten
  1937 | D:3      | Found a faded altar of an unknown god.
  2315 | D:4      | Reached XP level 6. HP: 18/27 MP: 9/11
  2442 | D:4      | HP: 1/27 [poisoned by a scorpion]
  2444 | D:4      | Succumbed to a scorpion's poison

Skill      XL: |  1  2  3  4  5 |
---------------+----------------+-----
Fighting       | 1 2 |  2.0
Short Blades   | 2 3 |  3.0
Stealth        | 3 |  3.7
Spellcasting   | 3 |  3.2
Dodging        | |  1.5
Conjurations   | |  1.0
Ice Magic      | |  3.9

Action                   |  1- 3 |  4- 6 || total
-------------------------+-------+-------++-------
Melee: Unarmed           |     2 |       ||     2
       Dagger            |     5 |       ||     5
       Bite              |     4 |    35 ||    39
       Short sword       |     8 |   161 ||   169
 Cast: Freeze            |    34 |       ||    34
Invok: Recall Ancestor   |       |     1 ||     1
       Ancestor Identity |       |     1 ||     1
  Use: Scroll            |       |     3 ||     3
 Stab: Sleeping          |     3 |     3 ||     6
       Distracted        |       |     1 ||     1
  Eat: Chunk             |     1 |     4 ||     5
Armor: Robe              |     7 |     7 ||    14
       Chain mail        |       |    96 ||    96
Dodge: Dodged            |    31 |    45 ||    76
